 Dungeon Crawl Stone Soup version 0.32-a0-918-g0f22ef8d61 (webtiles) character file.

Game seed: 8850509749573890143

109 Ajdolov the Magician (level 4, -3/30 HPs)
             Began as a Mummy Ice Elementalist on Apr 10, 2024.
             Slain by a gnoll
             ... wielding a +1 whip of electrocution
              (6 damage)
             ... on level 2 of the Dungeon.
             The game lasted 00:04:51 (2486 turns).

Ajdolov the Magician (Mummy Ice Elementalist)       Turns: 2486, Time: 00:04:52

Health: -3/30      AC:  2    Str: 11    XL:     4   Next: 60%
Magic:  4/10       EV: 11    Int: 16    God:
Gold:   75         SH:  0    Dex: 12    Spells: 2/12 levels left

rFire   x . .        b - +0 quarterstaff
rCold   + . .        (shield currently unavailable)
rNeg    + + +        a - +0 robe
rPois   ∞            (no helmet)
rElec   .            (no cloak)
rCorr   .            (no gloves)
SInv    .            (no boots)
Will    .....        g - amulet of the acrobat
Stlth   ++           (no ring)
HPRegen 0.25/turn    (no ring)
MPRegen 0.12/turn

%: acrobat, faith
@: very slightly contaminated
A: cold resistance 1, negative energy resistance 3, torment resistance 2, heat
vulnerability 1, in touch with death 1, no potions, faith
a: no special abilities


You were on level 2 of the Dungeon.
You visited 1 branch of the dungeon, and saw 3 of its levels.

You collected 99 gold pieces.
You spent 24 gold pieces at shops.

Inventory:

Hand Weapons
 b - a +0 quarterstaff (weapon)
Armour
 a - a +0 robe (worn)
Jewellery
 g - an amulet of the acrobat (around neck)
Scrolls
 c - a scroll of teleportation {unknown}
 d - a scroll of enchant armour {unknown}
 e - 3 scrolls of fear {unknown}
 f - a scroll of identify
 h - a scroll of enchant weapon {unknown}
 i - a scroll of blinking {unknown}
 j - a scroll of brand weapon {unknown}


   Skills:
 - Level 1.5 Dodging
 - Level 1.5 Stealth
 + Level 4.6 Spellcasting
 + Level 4.2 Ice Magic


You had 2 spell levels left.
You knew the following spells:

 Your Spells              Type           Power      Damage    Failure   Level
a - Freeze                Ice            68%        1d8       2%          1
b - Frozen Ramparts       Ice            34%        1d6       9%          3
c - Ozocubu's Armour      Ice            17%        N/A       9%          3
d - Summon Ice Beast      Ice/Summ       10%        N/A       21%         3

Your spell library contained the following spells:

 Spells                   Type           Power      Damage    Failure   Level
 Summon Mana Viper        Hex/Summ       3%         N/A       99%         5
 Monstrous Menagerie      Summ           1%         N/A       100%        7


Dungeon Overview and Level Annotations

Branches:
Dungeon (3/15)

Altars:

Shops:
D:2 *

Annotations:
D:3 Grinder


Innate Abilities, Weirdness & Mutations

You are immune to poison.
Your flesh is cold resistant. (rC+)
You are immune to negative energy. (rN+++)
You are immune to unholy pain and torment.
You are vulnerable to heat. (rF-)
You are in touch with the powers of death.
You do not drink.
You have a special connection with the divine. (Faith)


Message History

Grinder says, "DUCK!"
Grinder blinks!
Things that are here:
a +0 war axe; a +0 ring mail; a +0 dagger
Things that are here:
a +0 robe; a +0 dagger; an orc skeleton
There is a stone staircase leading up here.
You climb upwards.
There is a stone staircase leading down here.
You start resting.
Magic restored.
There is a stone staircase leading up here.
There is an escape hatch in the floor here.
There is a stone staircase leading down here.
You climb downwards.
Level annotation: Grinder A gnoll comes into view.
It is wielding a +0 flail and carrying a wand of paralysis.
The gnoll hits you but does no damage.
You are electrocuted!
* * * LOW HITPOINT WARNING * * *
There is a stone staircase leading up here.
The gnoll shouts!
The gnoll hits you with a +1 whip of electrocution!
* * * LOW HITPOINT WARNING * * *
You climb upwards.
There is a stone staircase leading down here.
Unknown command.
The gnoll completely misses you.
Press: ? - help, v - describe, . - travel
Here: a gnoll, wielding a +1 whip of electrocution and quivering poisoned darts The floor.
Casting: Frozen Ramparts (quite dangerous; 9% risk of failure)
Confirm with . or Enter, or press ? or * to list all spells.
You miscast Summon Ice Beast.
You are very lightly contaminated with residual magic.
Nothing appears to happen.
The gnoll closely misses you.
Casting: Summon Ice Beast (quite dangerous; 21% risk of failure)
Confirm with . or Enter, or press ? or * to list all spells.
A chill wind blows around you.
The gnoll hits you with a +1 whip of electrocution.
You die...

#.#########...#...
#<# #...#... #.#
#...#### ###.#
#...'... #.>.#
#...#### #.>.#
##.#.#.. #...#
########.#....
###g#
#.....##.#.#.. #@#
#.###.##.#.#.. #Y#
#............# #.#
##.∩.#........ #.#
#......÷...## #.#
#.#.......... #.#
#............
#.######...#.##.##
#.##...'...#....##
#.#....#...#######


You could see a gnoll (ally target) and a friendly ice beast (summoned).

Vanquished Creatures
  An orc wizard (D:3)
  2 adders (D:2)
  3 dart slugs (D:1)
  3 orcs (D:3)
  6 ball pythons
  10 bats
  5 endoplasms
  2 giant cockroaches
  2 goblins (D:1)
  2 hobgoblins
  4 kobolds (D:1)
  3 quokkas
  11 frilled lizards
  2 rats
56 creatures vanquished.

Notes
Turn   | Place    | Note
-------+----------+-------------------------------------------
     0 | D:1      | Ajdolov the Mummy Ice Elementalist began the quest for the
                  | Orb.
     0 | D:1      | Reached XP level 1. HP: 13/13 MP: 4/4
   141 | D:1      | Reached XP level 2. HP: 15/19 MP: 6/6
   665 | D:1      | Reached XP level 3. HP: 24/24 MP: 8/8
   672 | D:1      | Learned a level 3 spell: Frozen Ramparts
   676 | D:1      | Learned a level 3 spell: Ozocubu's Armour
   886 | D:2      | Found Cit Juz's General Store.
   894 | D:2      | Bought a scroll of identify for 24 gold pieces
  1646 | D:3      | Reached XP level 4. HP: 30/30 MP: 6/10
  1800 | D:3      | Learned a level 3 spell: Summon Ice Beast
  2239 | D:3      | Noticed Grinder
  2248 | D:3      | Paralysed by Grinder for 3 turns
  2259 | D:3      | Paralysed by Grinder for 3 turns
  2277 | D:3      | Paralysed by Grinder for 3 turns
  2400 | D:3      | Paralysed by Grinder for 5 turns
  2407 | D:3      | Paralysed by Grinder for 5 turns
  2480 | D:3      | HP: 1/30 [gnoll/+1 whip of electrocution (7)]
  2486 | D:2      | Slain by a gnoll

Illustrated notes

Levels and vault maps discovered:
D:1:      scummos_arrival_star, layout_loops_ring, kennysheep_doodads,
          minmay_lizard_king
D:2:      layout_basic, serial_shops, nicolae_shop_stone
D:3:      layout_loops_ring, elyvilon_altar_5, roderic_batcave, uniq_grinder,
          uniq_crazy_yiuf_cottage

Skill      XL: |  1  2  3 |
---------------+----------+-----
Spellcasting   | 3 4 |  4.6
Ice Magic      | 4 |  4.2
Dodging        | |  1.5
Stealth        | |  1.5

Action                     |  1- 3 |  4- 6 || total
---------------------------+-------+-------++-------
  Melee: Quarterstaff      |    46 |    25 ||    71
   Cast: Freeze            |    35 |    15 ||    50
         Frozen Ramparts   |       |     5 ||     5
         Summon Ice Beast  |       |     2 ||     2
         Ozocubu's Armour  |       |     1 ||     1
   Stab: Sleeping          |     4 |       ||     4
 Armour: Robe              |    40 |    54 ||    94
  Dodge: Dodged            |    48 |    49 ||    97

Table legend: (Time is in decaauts)
 A = Elapsed time spent in this place.
 B = Non-inter-level travel time spent in this place.
 C = Inter-level travel time spent in this place.
 D = Time resting spent in this place.
 E = Time spent auto-exploring this place.
 F = Levels seen in this place.
 G = Mean time per level.
                   A        B        C        D        E       F      G
               +--------+--------+--------+--------+--------+-----+--------+
         Total |   2510 |   2388 |    122 |    104 |   1757 |   3 |  836.7 |
       Dungeon |   2510 |   2388 |    122 |    104 |   1757 |   3 |  836.7 |
               +--------+--------+--------+--------+--------+-----+--------+

Top non-repeatable levels by time:
     D:2: 1034 daAuts
     D:1: 788 daAuts
     D:3: 688 daAuts
